 Dungeon Crawl Stone Soup version 0.22-a0-430-g6609fc6 (webtiles) character file.

1261 omnomnOMINOUS the Conjurer (level 8, -5/55 HPs)
             Began as an Octopode Monk on May 27, 2018.
             Was a Believer of Vehumet.
             Slain by a phantom (7 damage)
             ... on level 6 of the Dungeon.
             The game lasted 00:11:21 (5631 turns).

omnomnOMINOUS the Conjurer (Octopode Monk)          Turns: 5631, Time: 00:11:22

Health: -5/55      AC:  1    Str: 13    XL:     8   Next: 52%
Magic:  13/13      EV: 16    Int: 15    God:    Vehumet [**....]
Gold:   321        SH:  0    Dex: 14    Spells: 12/13 levels left

rFire    x . .     SeeInvis .   b - +5 spear of Unnoeh {venom, *Slow rElec rF- rN+++}
rCold    + . .     Gourm    .   (no shield)
rNeg     + + +     Faith    .   (helmet restricted)
rPois    .         Spirit   .   (no amulet)
rElec    +         Reflect  .   h - ring of resist corrosion
rCorr    +         Harm     .   r - ring of protection from cold
MR       .....                  s - +3 ring of strength
Stlth    ++++......             (no ring)
HPRegen  0.18/turn              (no ring)
MPRegen  0.13/turn              (no ring)
                                (no ring)
                                (no ring)

@: no status effects
A: almost no armour, stealthy swim, amphibious, 8 rings, constrict 8, camouflage
1, gelatinous body 1
a: Renounce Religion


You were on level 6 of the Dungeon.
You worshipped Vehumet.
Vehumet was pleased with you.
You were not hungry.

You visited 1 branch of the dungeon, and saw 6 of its levels.

You collected 321 gold pieces.

Inventory:

Hand Weapons
 a - a +0 falchion
 b - the +5 spear of Unnoeh (weapon) {venom, *Slow rElec rF- rN+++}
   (You found it on level 4 of the Dungeon)

   It poisons the flesh of those it strikes.
   It makes you vulnerable to fire.
   It insulates you from electricity.
   It renders you almost immune to negative energy.
   It may slow you when you take damage.
 c - a +0 dagger
Missiles
 i - 135 arrows
 w - 148 stones (quivered)
 y - 43 bolts
Jewellery
 h - a ring of resist corrosion (left tentacle)
 r - a ring of protection from cold (right tentacle)
 s - a +3 ring of strength (on tentacle)
Wands
 q - a wand of digging (24)
 u - a wand of paralysis (3)
 z - a wand of clouds (2)
 B - a wand of iceblast (9)
Scrolls
 e - 3 scrolls of identify
 g - 6 scrolls of remove curse {unknown}
 o - a scroll of random uselessness {unknown}
 v - 4 scrolls of enchant weapon
 x - a scroll of magic mapping {unknown}
Potions
 f - a potion of resistance {unknown}
 j - 3 potions of curing
 l - 2 potions of magic {unknown}
 m - a potion of lignification {unknown}
 n - 2 potions of flight {unknown}
 p - a potion of degeneration {unknown}
 A - a potion of mutation {unknown}
Comestibles
 d - 14 chunks of flesh
 k - 10 rations


   Skills:
 + Level 5.3 Fighting
 - Level 3.8 Long Blades
 + Level 5.2 Dodging
 - Level 4.5 Stealth
 + Level 3.4 Spellcasting
 * Level 5.4 Conjurations


You had 12 spell levels left.
You knew the following spells:

 Your Spells              Type           Power        Failure   Level  Hunger
a - Magic Dart            Conj           ###.         1%          1    None
Your spell library was empty.

Dungeon Overview and Level Annotations

Branches:
Dungeon (6/15)
 Temple: D:4-7

Altars:
Ashenzari
Cheibriados
Nemelex Xobeh
Okawaru
Uskayaw
Vehumet
Yredelemnul


Innate Abilities, Weirdness & Mutations

You cannot wear most types of armour.
You are very stealthy in the water. (Stealth+)
You are amphibious.
You can wear up to eight rings at the same time.
You can use your tentacles to constrict eight enemies at once.
Your skin changes colour to match your surroundings (Stealth+).
Your rubbery body absorbs attacks. (AC +1, EV +1)


Message History

The black bear is almost dead.
The black bear goes berserk!
A phantom opens the door.
Okay, then.
Unknown command.
As you read the scroll labeled YJAAKHLENWIERCHU, it crumbles to dust.
It is a scroll of identify.
v - 4 scrolls of enchant weapon The black bear misses you.
The black bear claws you. x2
You hit the black bear.
The black bear is poisoned.
You grab the black bear.
The black bear is almost dead.
You constrict the black bear. The black bear bites you!
* * * LOW HITPOINT WARNING * * *
The black bear misses you. The black bear claws you.
* * * LOW HITPOINT WARNING * * *
The black bear bites you.
* * * LOW HITPOINT WARNING * * *
The black bear closely misses you. The black bear claws you.
* * * LOW HITPOINT WARNING * * *
The phantom hits you!
You die...

.. ......
.....#.........####
.....#.[..........##
..............W...>#
.#......# #.......#
.#......# #.......#
.#......##########.#
##...............#.#
.'..............@W.#
##.............h.###
#............)..#
##...............#
.................#
......##.........#
......##.........#
########.....(...#
#.........#


You could see a phantom and a black bear (berserk).

Vanquished Creatures
  Pikel (D:6)
  3 slaves (D:6)
  2 ogres
  The ghost of omnomnOMINOUS the Sneak, an amateur OpAs (D:3)
  A scorpion (D:5)
  2 howler monkeys
  A crimson imp (D:5)
  A bullfrog skeleton (D:6)
  An orc priest (D:3)
  3 orc wizards
  3 worker ants (D:4)
  Ijyb (D:3)
  A killer bee zombie (D:6)
  A hound zombie (D:3)
  A howler monkey zombie (D:5)
  A worker ant zombie (D:2)
  A howler monkey skeleton (D:4)
  7 adders
  A worm (D:3)
  2 dart slugs
  3 leopard geckos
  6 orcs
  4 giant cockroaches
  7 hobgoblins
  6 jackals (D:5)
  6 quokkas
  2 ball pythons
  4 bats
  A frilled lizard (D:1)
  2 goblins
  5 kobolds
  A leopard gecko skeleton (D:6)
  A quokka zombie (D:5)
  4 rats
87 creatures vanquished.

Vanquished Creatures (others)
  A slave (D:6)
  A fungus (D:6)
2 creatures vanquished.

Grand Total: 89 creatures vanquished

Notes
Turn   | Place    | Note
-------+----------+-------------------------------------------
     0 | D:1      | omnomnOMINOUS the Octopode Monk began the quest for the Orb.
     0 | D:1      | Reached XP level 1. HP: 16/16 MP: 1/1
   329 | D:1      | Reached XP level 2. HP: 21/21 MP: 2/2
   942 | D:2      | Reached XP level 3. HP: 15/26 MP: 3/3
  1476 | D:2      | Reached XP level 4. HP: 31/31 MP: 4/4
  1994 | D:3      | Noticed Ijyb
  1998 | D:3      | Found a radiant altar of Vehumet.
  2005 | D:3      | Killed Ijyb
  2015 | D:3      | Became a worshipper of Vehumet
  2015 | D:3      | Reached * piety under Vehumet
  2015 | D:3      | Offered knowledge of Magic Dart by Vehumet.
  2015 | D:3      | Reached ** piety under Vehumet
  2018 | D:3      | Learned a level 1 spell: Magic Dart
  2073 | D:3      | Noticed omnomnOMINOUS's ghost (amateur OpAs)
  2136 | D:3      | Killed omnomnOMINOUS's ghost
  2136 | D:3      | Offered knowledge of Throw Frost by Vehumet.
  2136 | D:3      | Reached skill level 1 in Conjurations
  2136 | D:3      | Reached XP level 5. HP: 12/37 MP: 4/6
  2589 | D:3      | Reached skill level 1 in Spellcasting
  2599 | D:3      | Reached XP level 6. HP: 23/43 MP: 7/7
  3325 | D:4      | Found a sparkling altar of Nemelex Xobeh.
  3333 | D:4      | Found a snail-covered altar of Cheibriados.
  3381 | D:4      | Found a basalt altar of Yredelemnul.
  3387 | D:4      | Got a bloodstained spear
  3388 | D:4      | Identified the +5 spear of Unnoeh {venom, *Slow rElec rF- rN+++} (You found it on level 4 of the Dungeon)
  3600 | D:4      | Found a shattered altar of Ashenzari.
  3868 | D:4      | Found a hide-covered altar of Uskayaw.
  3911 | D:4      | Reached XP level 7. HP: 32/48 MP: 8/10
  4187 | D:5      | Entered Level 5 of the Dungeon
  4497 | D:5      | Found an iron altar of Okawaru.
  4508 | D:5      | Offered knowledge of Dazzling Spray by Vehumet.
  5107 | D:6      | Noticed Pikel
  5525 | D:6      | Killed Pikel
  5525 | D:6      | Reached skill level 5 in Fighting
  5525 | D:6      | Reached skill level 5 in Dodging
  5525 | D:6      | Reached skill level 5 in Conjurations
  5525 | D:6      | Reached XP level 8. HP: 47/55 MP: 6/12
  5631 | D:6      | HP: 2/55 [black bear (3)]
  5631 | D:6      | Slain by a phantom

Vault maps used:
D:1:      minmay_arrival_checkered_box, minmay_tree_intersection
D:3:      lemuel_crystal_altar, first_ration, uniq_ijyb
D:4:      overflow_temple_1_default, yredelemnul_altar_generic, kennysheep_mini,
          nicolae_overflow_crystal_walls, nemelex_xobeh_ov_fountains_minmay
D:5:      lemuel_round_altar
D:6:      old_forge, hangedman_decor_riveting, uniq_duvessa, uniq_pikel,
          uniq_crazy_yiuf_cottage

Skill      XL: |  1  2  3  4  5  6  7 |
---------------+----------------------+-----
Stealth        | 3 4 |  4.5
Conjurations   | 1 2 3 5 |  5.4
Spellcasting   | 1 2 3 |  3.4
Fighting       | 4 5 |  5.3
Dodging        | 4 5 |  5.2
Long Blades    | |  3.8

Action                   |  1- 3 |  4- 6 |  7- 9 || total
-------------------------+-------+-------+-------++-------
Melee: Falchion          |    47 |    76 |       ||   123
       Constrict         |    12 |    20 |    19 ||    51
       Tentacles         |     7 |    13 |    14 ||    34
       Spear             |       |    18 |    95 ||   113
 Cast: Magic Dart        |       |       |     5 ||     5
  Use: Potion            |       |     1 |     2 ||     3
       Scroll            |       |       |     1 ||     1
 Stab: Sleeping          |    16 |    16 |     8 ||    40
       Distracted        |       |     1 |       ||     1
  Eat: Chunk             |     2 |     7 |     6 ||    15
Armor: Skin              |     1 |     2 |       ||     3
Dodge: Dodged            |    29 |    39 |    52 ||   120
       Rpst.: Falchion   |    13 |    13 |       ||    26

Table legend:
 A = Spawn XP
 B = Non-spawn XP
 C = Spawn XP percentage of total XP
 D = Spawn monster count
 E = Non-spawn monster count
 F = Spawn count percentage of total count
 G = Total turns spent on level
                    A         B        C        D         E        F      G
               +---------+---------+-------+---------+---------+-------+---------
         Total |       0 |    1802 |   0.0 |       0 |      84 |   0.0 |  5631
               +---------+---------+-------+---------+---------+-------+---------
           D:1 |       0 |      23 |   0.0 |       0 |      15 |   0.0 |  1121
           D:2 |       0 |      78 |   0.0 |       0 |      17 |   0.0 |   995
           D:3 |       0 |     273 |   0.0 |       0 |      17 |   0.0 |  1054
           D:4 |       0 |     316 |   0.0 |       0 |       9 |   0.0 |  1017
           D:5 |       0 |     299 |   0.0 |       0 |      16 |   0.0 |   870
           D:6 |       0 |     813 |   0.0 |       0 |      10 |   0.0 |   574
               +---------+---------+-------+---------+---------+-------+---------
